 Dungeon Crawl Stone Soup version 0.31-a0-246-g8cbcc1cb85 (webtiles) character file.

Game seed: 9188452389083814315

60 qw the Shooter (level 3, 0/29 HPs)
             Began as a Minotaur Hexslinger on July 12, 2023.
             Slain by a goblin
             ... wielding a +0 dagger
             ... led by Robin
              (2 damage)
             ... on level 2 of the Dungeon.
             The game lasted 00:00:24 (1051 turns).

qw the Shooter (Minotaur Hexslinger)                Turns: 1051, Time: 00:00:24

Health: 0/29       AC:  2    Str: 12    XL:     3   Next: 82%
Magic:  3/3        EV: 12    Int: 10    God:
Gold:   63         SH:  0    Dex: 14    Spells: 3/4 levels left

rFire   . . .        Y - +1 sling
rCold   . . .        (no shield)
rNeg    . . .        c - +0 robe
rPois   .            (helmet restricted)
rElec   .            (no cloak)
rCorr   .            (no gloves)
SInv    .            (no boots)
Will    .....        (no amulet)
Stlth   +            (no ring)
HPRegen 0.24/turn    (no ring)
MPRegen 0.08/turn

%: no passive effects
@: lethally poisoned (0 -> -4), about to teleport
A: horns 2, retaliatory headbutt
a: no special abilities


You were on level 2 of the Dungeon.
You visited 1 branch of the dungeon, and saw 2 of its levels.

You collected 63 gold pieces.


Innate Abilities, Weirdness & Mutations

You have a pair of horns on your head.
You reflexively headbutt those who attack you in melee.


   Skills:
 - Level 2.0 Fighting
 + Level 4.4 Ranged Weapons
 - Level 2.1 Dodging
 - Level 1.0 Spellcasting
 - Level 2.0 Hexes


You had 3 spell levels left.
You knew the following spells:

 Your Spells              Type           Power      Damage    Failure   Level
a - Slow                  Hex            16%        N/A       16%         1

Your spell library contained the following spells:

 Spells                   Type           Power      Damage    Failure   Level
 Inner Flame              Hex/Fire       2%         N/A       56%         3
 Portal Projectile        Hex/Tloc       4%         N/A       56%         3
 Cause Fear               Hex            2%         N/A       83%         4

Inventory:

Hand Weapons
 Y - a +1 sling (weapon)
Armour
 c - a +0 robe (worn)
Scrolls
 a - a scroll of teleportation
Potions
 g - a potion of curing

Dungeon Overview and Level Annotations

Branches:
Dungeon (2/15)

Altars:

Shops:
D:2 (


Message History

A goblin comes into view. It is wielding a +0 dagger.
You shoot a sling bullet. The goblin shouts!
The sling bullet hits Robin!
You kill Robin!
The goblin hits you with a +0 dagger.
An adder comes into view.
The goblin hits you with a +2 dagger of venom.
The goblin barely misses you.
A goblin comes into view. It is wielding a +0 club.
You shoot a sling bullet. The goblin shouts!
The sling bullet hits the goblin.
You kill the goblin!
A hobgoblin comes into view.
The goblin hits you but does no damage. The goblin closely misses you.
You shoot a sling bullet. The sling bullet hits the goblin.
The goblin is heavily wounded.
The goblin hits you with a +0 dagger.
A kobold comes into view. It is wielding a +0 short sword.
The goblin hits you with a +2 dagger of venom.
You are poisoned.
The goblin misses you.
You shoot a sling bullet. The sling bullet hits the goblin.
You kill the goblin!
You feel very sick. The goblin hits you but does no damage.
The goblin closely misses you. You furiously retaliate!
You headbutt the goblin.
You kill the goblin!
The goblin hits you with a +0 dagger.
1050 ||| READING 2 scrolls of teleportation.
As you read the scroll of teleportation, it crumbles to dust.
You feel strangely unstable.
You feel sick. The goblin barely misses you.
The goblin hits you but does no damage. The goblin closely misses you.
You shoot a sling bullet. The sling bullet hits the goblin.
You kill the goblin!
You feel sick. The goblin barely misses you.
The goblin hits you with a +0 dagger.
You die...

..##..# ## ##.## ....
#..# .... ##.# ...
######.## .g##
........## K..##
#........# ....#
#........########S<#.###
#.............:g@gg...)#
#........#.######g......
#........#.### ......#
#............# ......#
#.....<.#....# ......#
#########....# ......#
###### ......# ......#


You could see an adder, a hobgoblin, 4 goblins and a kobold.

Vanquished Creatures
  Robin (D:2)
  An adder (D:2)
  A dart slug (D:1)
  2 bats
  5 endoplasms
  A giant cockroach (D:1)
  7 goblins (D:2)
  4 hobgoblins (D:1)
  4 jackals (D:1)
  A quokka (D:1)
  4 frilled lizards
  2 kobolds (D:1)
  4 rats (D:1)
37 creatures vanquished.

Notes
Turn   | Place    | Note
-------+----------+-------------------------------------------
     0 | D:1      | qw the Minotaur Hexslinger began the quest for the Orb.
     0 | D:1      | Reached XP level 1. HP: 16/16 MP: 1/1
     0 | D:1      | 0 ||| qw: Version: 0.3-a-52-g30416fa
     0 | D:1      | 0 ||| qw: Game counter: 6271
     0 | D:1      | 0 ||| qw: Melee chars always use a shield: true
     0 | D:1      | 0 ||| qw: God list: Okawaru
     0 | D:1      | 0 ||| qw: Allow faded altars: false
     0 | D:1      | 0 ||| qw: Do Orc after clearing Dungeon:15 true
     0 | D:1      | 0 ||| qw: Do second Lair branch before Depths: true
     0 | D:1      | 0 ||| qw: Lair rune preference: random
     0 | D:1      | 0 ||| qw: Goals: Normal
     0 | D:1      | 0 ||| PLANNING D:1-11
   237 | D:1      | 237 ||| FLEEEEING.
   238 | D:1      | 238 ||| FLEEEEING.
   239 | D:1      | 239 ||| FLEEEEING.
   324 | D:1      | Reached skill level 3 in Ranged Weapons
   326 | D:1      | Reached XP level 2. HP: 9/23 MP: 2/2
   392 | D:1      | Found a faded altar of an unknown god.
   831 | D:1      | Reached XP level 3. HP: 29/29 MP: 3/3
   928 | D:1      | 928 ||| READING 3 scrolls labelled QUPRUY SE XAI.
   932 | D:1      | 932 ||| READING scroll labelled TIXTUY QUGU.
   933 | D:1      | 933 ||| READING scroll labelled ROOMEA COLI.
   934 | D:1      | 934 ||| READING scroll labelled FAELENN VULIST.
   935 | D:1      | 935 ||| DRINKING 2 coppery potions.
   936 | D:1      | 936 ||| DROPPING scroll of poison.
   984 | D:2      | Found Wiajeusch's Antique Weapon Boutique.
   992 | D:2      | 992 ||| SHOPLISTING dazzling orcbow (195 gold, have 63).
  1034 | D:2      | Reached skill level 4 in Ranged Weapons
  1036 | D:2      | Noticed Robin
  1046 | D:2      | Killed Robin
  1049 | D:2      | HP: 4/29 [goblin/+0 dagger[Robin] (4)]
  1050 | D:2      | 1050 ||| READING 2 scrolls of teleportation.
  1051 | D:2      | Slain by a goblin

Levels and vault maps discovered:
D:1:      eino_arrival_cavern_e, layout_basic,
          hellmonk_ecumenical_altar_inner_sanctum, minmay_bisected
D:2:      layout_rooms, serial_shops, shop, nicolae_figureground_pulse,
          uniq_robin

Skill      XL: |  1  2  3 |
---------------+----------+-----
Ranged Weapons | 3 4 |  4.4
Fighting       | 2 |  2.0
Dodging        | |  2.1
Spellcasting   | |  1.0
Hexes          | |  2.0

Action                     || total
---------------------------++-------
   Fire: Sling             ||   100
    Use: Scroll            ||     5
         Potion            ||     1
 Armour: Robe              ||    15
  Dodge: Dodged            ||    45

Table legend:
 A = Non-vault XP
 B = Vault XP
 C = Vault XP percentage of total XP
 D = Non-vault monster count
 E = Vault monster count
 F = Vault count percentage of total count
                 A         B        C        D         E       F
            +---------+---------+-------+---------+---------+-------
      Total |      55 |      34 |  38.2 |      25 |      12 |  32.4
            +---------+---------+-------+---------+---------+-------
        D:1 |      37 |       6 |  14.0 |      21 |       4 |  16.0
        D:2 |      18 |      28 |  60.9 |       4 |       8 |  66.7
            +---------+---------+-------+---------+---------+-------
